cohdb
Replays
Latest Replays
All Replays
Popular Replays
Top Player Replays
Match Explorer
How It Works
Community
CoH3 Stats
Reddit
Sign in to upload your games and track your stats! →
Sign in with Steam
Match 43685203
Unlisted
Match 43685203
Overview
Messages
Build Orders
End
Vickers Machine Gun Team
Selects Canadian Shock Battlegroup
Royal Engineer Section
Construct Field Infirmary
Royal Engineer Section
Selects Attacking Spirit
Selects Canadian Shock Section
Canadian Shock Section
Canadian Shock Section
Construct Section Command Post
Construct Platoon Command Post
CMP 15cwt Truck
Selects Incendiary Munitions
Selects Pyrotechnics
6-pounder Anti-tank Gun Team
Construct Company Command Post
Canadian Shock Section
Matilda II Heavy Tank
Matilda II Heavy Tank
Forward Retreat Point
Selects Churchill Crocodile Heavy Tank
Churchill Crocodile Heavy Tank
CMP 15cwt Truck
Matilda II Heavy Tank
Selects Point Assault
Point Assault
Armored Vehicle Training
Matilda II Heavy Tank
Matilda II Heavy Tank
GzINOD
famoswisemen
Kurwa Jeżyk
bigbrooogo
De@d€ye
IronDragon
Миу-Миу
Рюк
0
0
Comments
sign in to comment!
No comments posted yet!